 Dungeon Crawl Stone Soup version 0.28-a0-1389-gc726bef33b (webtiles) character file.

Game seed: 6846545368781797579

43 Crownlay the Chiller (level 3, -1/25 HPs)
             Began as a Gnoll Ice Elementalist on Jan 3, 2022.
             Succumbed to a kobold's poison
             ... on level 3 of the Dungeon.
             The game lasted 00:01:35 (1938 turns).

Crownlay the Chiller (Gnoll Ice Elementalist)       Turns: 1938, Time: 00:01:36

Health: -1/25      AC:  2    Str:  7    XL:     3   Next: 58%
Magic:  9/9        EV: 13    Int: 16    God:
Gold:   34         SH:  0    Dex: 12    Spells: 5/12 levels left

rFire   . . .      SeeInvis +   h - +3 spear
rCold   . . .      Faith    .   (no shield)
rNeg    . . .      Spirit   .   a - +0 robe
rPois   .          Reflect  .   (no helmet)
rElec   .          Harm     .   (no cloak)
rCorr   +          Rampage  .   (no gloves)
Will    .....                   (no boots)
Stlth   ++........              (no amulet)
HPRegen 0.08/turn               c - ring of see invisible
MPRegen 0.11/turn               f - ring of resist corrosion

@: lethally poisoned (-1 -> -7), invisible
A: fangs 1, strong nose, distributed training
a: no special abilities


You were on level 3 of the Dungeon.
You visited 1 branch of the dungeon, and saw 3 of its levels.

You collected 34 gold pieces.

Inventory:

Hand Weapons
 g - a +0 whip of venom
 h - a +3 spear (weapon)
Armour
 a - a +0 robe (worn)
Jewellery
 c - a ring of see invisible (left hand)
 f - a ring of resist corrosion (right hand)
Scrolls
 b - a scroll of fog
 d - a scroll of identify
 e - a scroll of enchant armour {unknown}


   Skills:
 + Level 0.8 Fighting
 + Level 0.8 Short Blades
 + Level 0.8 Long Blades
 + Level 0.8 Axes
 + Level 0.8 Maces & Flails
 + Level 0.8 Polearms
 + Level 0.8 Staves
 + Level 0.8 Slings
 + Level 0.8 Bows
 + Level 0.8 Crossbows
 + Level 0.8 Throwing
 + Level 0.8 Armour
 + Level 4.5 Dodging
 + Level 4.1 Stealth
 + Level 0.8 Shields
 + Level 0.8 Unarmed Combat
 + Level 5.0 Spellcasting
 + Level 0.5 Conjurations
 + Level 0.5 Hexes
 + Level 0.5 Summonings
 + Level 0.5 Necromancy
 + Level 0.5 Translocations
 + Level 0.5 Transmutations
 + Level 0.5 Fire Magic
 + Level 7.1 Ice Magic
 + Level 0.5 Air Magic
 + Level 0.5 Earth Magic
 + Level 0.5 Poison Magic
 + Level 1.0 Invocations
 + Level 0.8 Evocations


You had 5 spell levels left.
You knew the following spells:

 Your Spells              Type           Power      Damage    Failure   Level
a - Freeze                Ice            100%       1d11      1%          1
b - Frozen Ramparts       Ice            52%        1d7       2%          3
c - Ozocubu's Armour      Ice            26%        N/A       2%          3

Your spell library contained the following spells:

 Spells                   Type           Power      Damage    Failure   Level
 Hailstorm                Conj/Ice       16%        3d6       30%         4


Dungeon Overview and Level Annotations

Branches:
Dungeon (3/15)

Altars:


Innate Abilities, Weirdness & Mutations

You have very sharp teeth.
Your uncanny sense of smell can sniff out nearby items.
Your experience applies equally to all skills.


Message History

A kobold is nearby!
A kobold is nearby!
The kobold shouts!
You hit the kobold.
The kobold is moderately wounded.
The kobold hits you with a +0 whip of venom.
You are poisoned.
You closely miss the kobold.
The kobold is moderately wounded.
You feel sick.
The kobold hits you with a +0 whip of venom.
You are more poisoned.
You barely miss the kobold.
The kobold is moderately wounded.
You feel very sick. The kobold hits you but does no damage.
You are lethally poisoned!
You puncture the kobold!
You kill the kobold!
You feel very sick.
You are too injured to fight recklessly!
You are too injured to fight recklessly!
You are too injured to fight recklessly!
There is a lethal amount of poison in your body!
It was a potion of invisibility.
You fade into invisibility!
You feel very sick.
As you read the scroll labelled ALEFUE BUYLAXUDD, it crumbles to dust.
It is a scroll of identify.
b - a scroll of fog
* * * LOW HITPOINT WARNING * * *
You feel very sick.
Okay, then.
* * * LOW HITPOINT WARNING * * *
You feel sick.
* * * LOW HITPOINT WARNING * * *
You feel sick.
You see here a +0 whip of venom.
g - a +0 whip of venom You die...

.#.#.#.#.#.#
.#.#.#.#.#####
.#.#.#.#....#
#.#.#.#.#.#.#
.#.#.#.#..#.#
........#.#.#
..........#.#
+#####....#..
∆ #...@###
#....# #....#
####.# #+#


There were no monsters in sight!

Vanquished Creatures
  A dart slug (D:2)
  3 bats
  4 endoplasms
  3 giant cockroaches
  4 goblins
  7 hobgoblins
  3 kobolds
  A quokka (D:2)
  5 ball pythons
  2 rats
33 creatures vanquished.

Notes
Turn   | Place    | Note
-------+----------+-------------------------------------------
     0 | D:1      | Crownlay the Gnoll Ice Elementalist began the quest for the
                  | Orb.
     0 | D:1      | Reached XP level 1. HP: 13/13 MP: 6/6
   262 | D:1      | Reached XP level 2. HP: 19/19 MP: 5/7
  1127 | D:2      | Reached XP level 3. HP: 25/25 MP: 9/9
  1131 | D:2      | Learned a level 3 spell: Frozen Ramparts
  1135 | D:2      | Learned a level 3 spell: Ozocubu's Armour
  1175 | D:2      | Reached skill level 5 in Spellcasting
  1664 | D:2      | Reached skill level 1 in Invocations
  1937 | D:3      | HP: 1/25 [poisoned by a kobold]
  1938 | D:3      | Succumbed to a kobold's poison

Illustrated notes

Levels and vault maps discovered:
D:1:      amcnicky_arrival_abandoned_market, layout_basic,
          kennysheep_nondescript
D:2:      layout_basic
D:3:      layout_basic, mainiacjoe_overflow_concentric_impassable,
          nicolae_ru_great_annihilating_truth, nicolae_uskayaw_dance_hall,
          minivault_23, minmay_crystal_water

Skill      XL: |  1  2  3 |
---------------+----------+-----
Spellcasting   | 5 |  5.0
Invocations    | 1 |  1.0
Fighting       | |  0.8
Short Blades   | |  0.8
Long Blades    | |  0.8
Axes           | |  0.8
Maces & Flails | |  0.8
Polearms       | |  0.8
Staves         | |  0.8
Slings         | |  0.8
Bows           | |  0.8
Crossbows      | |  0.8
Throwing       | |  0.8
Armour         | |  0.8
Dodging        | |  4.5
Stealth        | |  4.1
Shields        | |  0.8
Unarmed Combat | |  0.8
Conjurations   | |  0.5
Hexes          | |  0.5
Summonings     | |  0.5
Necromancy     | |  0.5
Translocations | |  0.5
Transmutations | |  0.5
Fire Magic     | |  0.5
Ice Magic      | |  7.1
Air Magic      | |  0.5
Earth Magic    | |  0.5
Poison Magic   | |  0.5
Evocations     | |  0.8

Action                   || total
-------------------------++-------
Melee: Unarmed           ||     7
       Spear             ||    48
       Short sword       ||     2
       Bite              ||     3
 Cast: Freeze            ||    24
  Use: Scroll            ||     1
       Potion            ||     1
 Stab: Sleeping          ||     3
Armor: Robe              ||    15
Dodge: Dodged            ||    55

Table legend: (Time is in decaauts)
 A = Elapsed time spent in this place.
 B = Non-inter-level travel time spent in this place.
 C = Inter-level travel time spent in this place.
 D = Time resting spent in this place.
 E = Time spent auto-exploring this place.
 F = Levels seen in this place.
 G = Mean time per level.
                   A        B        C        D        E       F      G
               +--------+--------+--------+--------+--------+-----+--------+
         Total |   1939 |   1899 |     40 |      0 |   1648 |   3 |  646.3 |
       Dungeon |   1939 |   1899 |     40 |      0 |   1648 |   3 |  646.3 |
               +--------+--------+--------+--------+--------+-----+--------+

Top non-repeatable levels by time:
     D:1: 1100 daAuts
     D:2: 654 daAuts
     D:3: 184 daAuts
